 Dungeon Crawl Stone Soup version 0.29.1-2-gbd0b4ee654 (webtiles) character file.

Game seed: 10035274012167597496

641 safid the Shooter (level 7, -4/99 HPs)
             Began as a Minotaur Hunter on Nov 4, 2022.
             Slain by an ice beast (11 damage)
             ... on level 5 of the Dungeon.
             The game lasted 00:07:40 (4362 turns).

safid the Shooter (Minotaur Hunter)                 Turns: 4362, Time: 00:07:40

Health: -4/99      AC: 23    Str: 15    XL:     7   Next: 26%
Magic:  6/6        EV:  2    Int:  6    God:
Gold:   170        SH:  0    Dex: 16    Spells: 6/6 levels left

rFire   . . .      SeeInvis .   a - +0 shortbow
rCold   . . .      Faith    .   (shield currently unavailable)
rNeg    . . .      Spirit   .   (body armour currently unavailable)
rPois   +          Reflect  .   (helmet currently unavailable)
rElec   .          Harm     .   (cloak currently unavailable)
rCorr   .          Rampage  .   (gloves currently unavailable)
Will    .....      NoTele   +   (boots currently unavailable)
Stlth   ++........              (no amulet)
HPRegen 0.26/turn               (no ring)
MPRegen 0.10/turn               (no ring)

@: tree-form (expiring)
A: stationary, stasis, torment immunity, boosted hp, (horns 2), (retaliatory
headbutt)
a: no special abilities


You were on level 5 of the Dungeon.
You were a tree.
You visited 2 branches of the dungeon, and saw 6 of its levels.

You collected 269 gold pieces.
You spent 99 gold pieces at shops.

Inventory:

Hand Weapons
 a - a +0 shortbow (weapon)
Armour
 c - a +0 leather armour (melded)
Jewellery
 l - a ring of protection from fire
 m - an amulet of faith
Wands
 k - a wand of charming (11)
Scrolls
 b - a scroll of immolation
 d - 2 scrolls of enchant weapon {unknown}
 f - a scroll of noise {unknown}
 g - 2 scrolls of fear {unknown}
 n - 5 scrolls of identify
 o - 2 scrolls of teleportation
 p - a scroll of blinking {unknown}
 r - a scroll of amnesia {unknown}
 s - a scroll of magic mapping {unknown}
 t - a scroll of butterflies {unknown}
Potions
 e - 2 potions of curing {unknown}
 h - a potion of haste {unknown}
 i - 2 potions of degeneration {unknown}
 j - a potion of berserk rage {unknown}
 q - a potion of flight {unknown}
 u - a potion of magic {unknown}
 v - 2 potions of cancellation {unknown}
 w - 2 potions of lignification
 x - a potion of might {unknown}


   Skills:
 + Level 7.1 Fighting
 + Level 7.6 Ranged Weapons
 - Level 2.1 Dodging
 - Level 0.7 Stealth


You had 6 spell levels left.
You didn't know any spells.
Your spell library contained the following spells:

 Spells                   Type           Power      Damage    Failure   Level
 Apportation              Tloc           0%         N/A       45%         1
 Sting                    Tmut/Pois      0%         1d3       45%         1
 Poisonous Vapours        Pois/Air       0%         N/A       58%         2
 Confusing Touch          Hex            0%         N/A       83%         3
 Airstrike                Air            0%         2d(0-16)  99%         4
 Fulminant Prism          Conj/Hex       0%         3d6       99%         4
 Leda's Liquefaction      Hex/Erth       0%         N/A       99%         4
 Olgreb's Toxic Radiance  Pois           0%         N/A       99%         4
 Summon Lightning Spire   Summ/Air       0%         N/A       99%         4
 Alistair's Intoxication  Tmut/Pois      0%         N/A       100%        5
 Lightning Bolt           Conj/Air       0%         1d11      100%        5
 Enfeeble                 Hex            0%         N/A       100%        7


Dungeon Overview and Level Annotations

Branches:
Dungeon (5/15)             Temple (1/1) D:4

Altars:
Ashenzari
Cheibriados
Elyvilon
Fedhas
Kikubaaqudgha
Makhleb
Trog
Uskayaw
Xom
Yredelemnul
Zin
The Shining One

Shops:
D:2 ?


Innate Abilities, Weirdness & Mutations

You are a tree.
Your roots penetrate the ground, keeping you stationary.
You cannot be teleported.
You are immune to unholy pain and torment.
Your maximum health is greatly increased.
Your equipment is partially melded.
((You have a pair of horns on your head.))
((You reflexively headbutt those who attack you in melee.))


Message History

* * * LOW HITPOINT WARNING * * *
The ice beast hits you but does no damage.
Fire: a) +0 shortbow
Press: ? - help, Q - select action, (/) - cycle Shift-Dir - straight line, f/p - ice beast
Aim: an ice beast (heavily wounded, 66% to hit)
You shoot an arrow. The arrow hits the ice beast!
The ice beast is severely wounded.
The iguana bites you but does no damage.
The ice beast hits you but does no damage.
Fire: a) +0 shortbow
Press: ? - help, Q - select action, (/) - cycle Shift-Dir - straight line, f/p - ice beast
Aim: an ice beast (severely wounded, 66% to hit)
You shoot an arrow.
The arrow hits the ice beast but does no damage.
The ice beast is severely wounded.
The iguana bites you but does no damage.
The ice beast hits you but does no damage.
Fire: a) +0 shortbow
Press: ? - help, Q - select action, (/) - cycle Shift-Dir - straight line, f/p - ice beast
Aim: an ice beast (severely wounded, 66% to hit)
You shoot an arrow. The arrow closely misses the ice beast.
Your transformation is almost over.
The iguana bites you but does no damage.
The ice beast hits you but does no damage.
Fire: a) +0 shortbow
Press: ? - help, Q - select action, (/) - cycle Shift-Dir - straight line, f/p - ice beast
Aim: an ice beast (severely wounded, 66% to hit)
You shoot an arrow. The arrow closely misses the ice beast.
The iguana bites you.
* * * LOW HITPOINT WARNING * * *
The ice beast hits you but does no damage.
Fire: a) +0 shortbow
Press: ? - help, Q - select action, (/) - cycle Shift-Dir - straight line, f/p - ice beast
Aim: an ice beast (severely wounded, 66% to hit)
You shoot an arrow. The arrow barely misses the ice beast.
The iguana bites you but does no damage.
The ice beast hits you.
* * * LOW HITPOINT WARNING * * *
The ice beast freezes you!
You die...

#. ###.........##
..
..............##
#.
..###............
#..........##
#.........##
#.......###
####.########
#####........##
#......♣.......
#..###lY##.....
... #... .... .
#.... .. ......
#....?..
.........
###.####### #.#


You could see an ice beast and an iguana.

Vanquished Creatures
  An ogre (D:5)
  A kobold brigand (D:5)
  A scorpion (D:5)
  A howler monkey (D:5)
  An orc priest (D:5)
  Terence (D:2)
  Natasha (twice) (D:2)
  An orc wizard (D:3)
  13 adders
  2 ufetubi (D:5)
  2 worms (D:4)
  9 dart slugs
  8 orcs
  7 bats
  12 endoplasms
  5 giant cockroaches
  6 goblins
  7 hobgoblins
  5 quokkas
  10 ball pythons
  2 frilled lizards (D:2)
  16 kobolds
  7 rats
120 creatures vanquished.

Notes
Turn   | Place    | Note
-------+----------+-------------------------------------------
     0 | D:1      | safid the Minotaur Hunter began the quest for the Orb.
     0 | D:1      | Reached XP level 1. HP: 18/18 MP: 0/0
    88 | D:1      | Reached XP level 2. HP: 24/25 MP: 1/1
   456 | D:1      | Reached skill level 5 in Ranged Weapons
   456 | D:1      | Reached XP level 3. HP: 31/31 MP: 2/2
   741 | D:1      | Found a faded altar of an unknown god.
   885 | D:2      | Reached XP level 4. HP: 35/40 MP: 3/3
  1276 | D:2      | You fall into a shaft and drop 2 floors!
  1495 | D:3      | Reached XP level 5. HP: 47/47 MP: 4/4
  1563 | D:2      | Found Joar's Magic Scroll Boutique.
  1572 | D:2      | Bought a scroll of identify for 22 gold pieces
  1572 | D:2      | Bought a scroll of identify for 22 gold pieces
  1572 | D:2      | Bought a scroll of teleportation for 33 gold pieces
  1572 | D:2      | Bought a scroll of identify for 22 gold pieces
  1572 | D:2      | Noticed Natasha
  1579 | D:2      | Killed Natasha
  1580 | D:2      | Reached skill level 5 in Fighting
  1666 | D:2      | Noticed Terence
  1677 | D:2      | Killed Terence
  1984 | D:2      | Noticed Natasha
  1993 | D:2      | Killed Natasha
  2543 | D:3      | Found a shimmering altar of Xom.
  2655 | D:3      | Reached XP level 6. HP: 49/57 MP: 5/5
  3036 | D:4      | Got Sif Muna's Codex of Spellbinding
  3051 | D:4      | Found a bloodstained altar of Trog.
  3130 | D:4      | Found a staircase to the Ecumenical Temple.
  3163 | Temple   | Entered the Ecumenical Temple
  3550 | D:5      | Entered Level 5 of the Dungeon
  3767 | D:5      | Reached XP level 7. HP: 25/64 MP: 6/6
  4362 | D:5      | Slain by an ice beast

Illustrated notes

Levels and vault maps discovered:
D:1:      saegor_arrival_simple_e, layout_loops_ring, serial_glass,
          glass_columns_a, glass_columns_a,
          dreamdust_ecumenical_altar_hidden_monk_grotto, minmay_surrounded
D:2:      layout_basic, serial_shops, nicolae_square_shop, uniq_terence,
          uniq_natasha
D:3:      layout_basic, general_overflow_altar
D:4:      kennysheep_slugbush, layout_basic, trog_book,
          minmay_temple_entry_mini_moons
D:5:      layout_loops_cross
Temple:   eino_temple_lava

Skill      XL: |  1  2  3  4  5  6  7 |
---------------+----------------------+-----
Fighting       | 3 4 5 6 7 |  7.1
Ranged Weapons | 5 6 7 |  7.6
Dodging        | |  2.1
Stealth        | |  0.7

Action                   |  1- 3 |  4- 6 |  7- 9 || total
-------------------------+-------+-------+-------++-------
 Fire: Shortbow          |    80 |   204 |    55 ||   339
  Use: Potion            |       |       |     1 ||     1
Armor: Leather armour    |     9 |    21 |     3 ||    33
       Skin              |       |       |    21 ||    21
Dodge: Dodged            |    33 |    61 |    19 ||   113
